 Dungeon Crawl Stone Soup version 0.17-a0-1798-g879a7aa (webtiles) character file.

2368 Sixotanaka the Destroyer (level 9, -2/62 HPs)
             Began as a Demigod Venom Mage on Sept 10, 2015.
             Slain by a troll (6 damage)
             ... on level 8 of the Dungeon.
             The game lasted 00:38:45 (11275 turns).

Sixotanaka the Destroyer (Demigod Venom Mage)      Turns: 11275, Time: 00:38:45

Health: -2/62      AC:  5    Str: 11    XL:     9   Next: 1%
Magic:  18/18      EV:  7    Int: 25    God:
Gold:   296        SH:  0    Dex: 16    Spells: 3 memorised, 8 levels left

rFire  + . .     SeeInvis .     L - +2 whip (pain)
rCold  . . .     Clarity  .     C - +0 robe {rF+}
rNeg   . . .     SustAt   +     (no shield)
rPois  .         Gourm    .     G - +0 helmet
rElec  .         Spirit   .     o - +0 cloak
rCorr  .         Warding  .     y - +0 pair of gloves
rMut   .         Stasis   .     (no boots)
MR     .....                    (no amulet)
Stlth  ++........               (no ring)
                                J - ring of flight

@: not resistant to hostile enchantments, unstealthy
A: high mp 1, sustain attributes
a: Evoke Flight


You were on level 8 of the Dungeon.
You were not hungry.

You visited 1 branch of the dungeon, and saw 8 of its levels.

You collected 296 gold pieces.


Innate Abilities, Weirdness & Mutations

You have an increased reservoir of magic (+10% MP).
Your attributes are resistant to harm.


   Skills:
 - Level 1.7 Dodging
 - Level 1.7 Stealth
 + Level 3.9 Spellcasting
 - Level 9.2 Conjurations
 * Level 5.0 Air Magic
 - Level 3.6 Poison Magic


You had 8 spell levels left.
You knew the following spells:

 Your Spells              Type           Power        Failure   Level  Hunger
c - Mephitic Cloud        Conj/Pois/Air  ####....     2%          3    ##.....
y - Conjure Flame         Conj/Fire      ####....     4%          3    ##.....
z - Sting                 Conj/Pois      ####         1%          1    None


Dungeon Overview and Level Annotations

Branches:
Dungeon (8/15)             Temple (0/1) D:7            Lair (0/8) D:8

Annotations:
D:8 Demise's ghost, experienced HECj; Psyche

Inventory:

Hand weapons
 L - a +2 whip of pain (weapon)
   (You found it on level 6 of the Dungeon)
 N - a +0 shortbow
Missiles
 h - 4 curare-tipped needles
 i - 5 needles of frenzy
 q - 12 tomahawks (quivered)
 M - 37 arrows
 O - 18 poisoned needles
Armour
 o - a +0 cloak (worn)
 r - a +0 leather armour
 y - a +0 pair of gloves (worn)
 C - a +0 robe of fire resistance (worn)
   (You found it on level 4 of the Dungeon)
 G - a +0 helmet (worn)
Jewellery
 J - a ring of flight (left hand)
Magical devices
 t - a wand of magic darts (27)
 v - a wand of confusion (36)
 E - a wand of slowing (16)
 S - a wand of confusion (27)
Scrolls
 a - 3 scrolls of recharging
 d - a scroll of noise {unknown}
 e - 3 scrolls of amnesia {unknown}
 f - 3 scrolls of immolation {!r}
 j - 5 scrolls of remove curse {@r2}
 l - 2 scrolls of random uselessness {unknown}
 m - 4 scrolls of enchant weapon {unknown}
 n - 2 scrolls of teleportation {@r4}
 A - a scroll of fog {unknown}
 D - a scroll of magic mapping
 K - a scroll of enchant armour {unknown}
Potions
 k - 3 potions of flight
 p - 3 potions of magic
 s - a potion of agility {unknown}
 u - a potion of cure mutation {unknown}
 z - 7 potions of might
 B - a potion of brilliance {unknown}
 F - a potion of ambrosia {unknown}
 H - a potion of mutation {unknown}
 P - a potion of berserk rage {unknown}
Books
 b - a Young Poisoner's Handbook
 x - a book of Clouds
 I - a book of Transfigurations
Comestibles
 c - 4 bread rations
 g - a royal jelly

#.#.#.#.#.............#
#.# #.#
#...........###########
#.# #..
........##.....W...#
#.# ###
######.###.##..###.#
#.# #.#......§..#*# #.#
#.#.#.#..##.#.#
#.#######
#.#.#.#...#5#W#
#........ #.#
#.#.#.#.#.# #########
#.# ..#....@#.#
#.#######.#T#.#
#.........<...#
##########.#### #....#
#...# #.##.#######.#
######.#....§§§§..#
.......############
########


You could see a troll and a crimson imp.


Message History

You closely miss the crimson imp. The crimson imp hits you.
You barely miss the crimson imp. The crimson imp barely misses you.
You barely miss the crimson imp. The crimson imp hits you.
A troll comes into view.
The troll shouts!
Demise's ghost turns its malevolent gaze towards you.
You hit the crimson imp. The crimson imp misses you.
You closely miss the crimson imp.
Demise's ghost gestures wildly while chanting.
Demise's ghost conjures a globe of magical energy!
The crimson imp hits you.
You barely miss the crimson imp.
Demise's ghost gestures at you while chanting.
The spray of energy hits you!
You are confused.
The battlesphere fires!
The barrage of energy hits you!
* * * LOW HITPOINT WARNING * * *
The crimson imp barely misses you.
The crimson imp blinks!
The crimson imp blinks!
You bump into the rock wall.
You closely miss Demise's ghost. The troll closely misses you.
The troll claws you but does no damage. The troll misses you.
Demise's ghost hits you but does no damage.
You are poisoned.
You barely miss the troll.
You feel less confused.
You feel sick. The troll misses you. The troll claws you but does no damage.
The troll claws you.
* * * LOW HITPOINT WARNING * * *
Demise's ghost hits you.
* * * LOW HITPOINT WARNING * * *
You are more poisoned.
Drink which item? (? for menu, Esc to quit)
You feel better. The troll bites you.
* * * LOW HITPOINT WARNING * * *
The troll claws you!
* * * LOW HITPOINT WARNING * * *
The troll closely misses you. Demise's ghost hits you.
* * * LOW HITPOINT WARNING * * *
You are poisoned.
The crimson imp blinks!
You feel sick.
You feel sick.
There is an open door here.
You feel sick.
You feel sick.
There is an open door here.
You feel sick.
You feel sick.
You feel sick.
You feel sick.
You feel sick.
You feel sick.
The crimson imp blinks!
You feel sick.
Demise's ghost whispers, "Trust me.
Just give in."
You feel sick.
You are no longer poisoned.
Demise's ghost wails, "I have seen your future, and it is all used up."
The troll bites you!
* * * LOW HITPOINT WARNING * * *
The troll barely misses you. The troll closely misses you.
The crimson imp barely misses you.
The crimson imp blinks!
Demise's ghost casts a spell.
Demise's ghost conjures a globe of magical energy!
The crimson imp blinks!
There is a stone staircase leading up, spattered with blood here.
The troll bites you.
You die...

Action                   |  1- 3 |  4- 6 |  7- 9 || total
-------------------------+-------+-------+-------++-------
Melee: Dagger            |     3 |       |       ||     3
       Hand axe          |       |    27 |    40 ||    67
       Whip              |       |       |    47 ||    47
 Fire: Shortbow          |       |       |    15 ||    15
Throw: Tomahawk          |       |       |     7 ||     7
 Cast: Sting             |    72 |   169 |   165 ||   406
       Mephitic Cloud    |       |     3 |    19 ||    22
       Conjure Flame     |       |       |    20 ||    20
Evoke: Wand              |       |       |     1 ||     1
  Use: Scroll            |     2 |     4 |     4 ||    10
       Potion            |       |       |     2 ||     2
 Stab: Confused          |       |       |     1 ||     1
  Eat: Chunk             |     5 |    11 |     6 ||    22
       Meat ration       |       |     1 |     2 ||     3
       Bread ration      |       |     1 |     1 ||     2

Vault maps used:
D:1:      sevenhm_arrival_forest_fort_small_3, minmay_lizard_king
D:2:      first_bread, st_stairs_12, minmay_misc_feat_five, minivault_19,
          uniq_natasha
D:4:      old_standard_altar, makhleb_altar_promises_db
D:6:      lemuel_crystal_altar, basic_altar
D:7:      slow_altar_1, minmay_temple_entry_purple_smoke, basic_altar
D:8:      dpeg_lair_monsters, serial_glass, glass_columns_c, glass_columns_b,
          uniq_psyche

Notes
Turn   | Place    | Note
--------------------------------------------------------------
     0 | D:1      | Sixotanaka the Demigod Venom Mage began the quest for the Orb.
     0 | D:1      | Reached XP level 1. HP: 14/14 MP: 5/5
   105 | D:1      | Reached skill level 1 in Conjurations
   337 | D:1      | Reached XP level 2. HP: 20/20 MP: 0/7
   500 | D:1      | Reached skill level 2 in Conjurations
  1267 | D:2      | Noticed Natasha
  1278 | D:2      | HP: 1/20 [Natasha/magic dart (5)]
  1280 | D:2      | Killed Natasha
  1280 | D:2      | Reached skill level 3 in Conjurations
  1280 | D:2      | Reached XP level 3. HP: 1/26 MP: 3/8
  2111 | D:2      | Reached XP level 4. HP: 29/33 MP: 5/9
  2636 | D:2      | Noticed Natasha
  2640 | D:2      | Killed Natasha
  2938 | D:2      | Noticed Natasha
  2943 | D:2      | HP: 7/33 [Natasha/wand of magic darts (10)]
  2944 | D:2      | Killed Natasha
  2944 | D:2      | Reached skill level 4 in Conjurations
  3280 | D:2      | Learned a level 3 spell: Mephitic Cloud
  4283 | D:4      | Found a burning altar of Makhleb.
  4314 | D:4      | Reached XP level 5. HP: 38/38 MP: 2/10
  4388 | D:4      | Noticed an ogre
  4394 | D:4      | Killed an ogre
  4394 | D:4      | Reached skill level 5 in Conjurations
  4978 | D:4      | Noticed a blizzard demon
  4999 | D:4      | Found a stormy altar of Qazlal.
  5018 | D:5      | Entered Level 5 of the Dungeon
  5608 | D:5      | Reached XP level 6. HP: 21/45 MP: 11/11
  5943 | D:5      | HP: 11/45 [centaur (6)]
  5944 | D:5      | Reached skill level 6 in Conjurations
  5948 | D:5      | HP: 9/45 [adder (3)]
  6712 | D:6      | Learned a level 3 spell: Conjure Flame
  6717 | D:6      | Reached skill level 7 in Conjurations
  6717 | D:6      | Reached XP level 7. HP: 50/50 MP: 7/12
  6786 | D:6      | Found an opulent altar of Gozag.
  7385 | D:6      | Found a deep blue altar of Sif Muna.
  7627 | D:6      | Reached skill level 8 in Conjurations
  8359 | D:7      | Found a basalt altar of Yredelemnul.
  8416 | D:7      | Reached skill level 9 in Conjurations
  8416 | D:7      | Reached XP level 8. HP: 53/57 MP: 6/13
  8420 | D:7      | Found a snail-covered altar of Cheibriados.
  8602 | D:7      | Found a staircase to the Ecumenical Temple.
  8869 | D:7      | Reached skill level 2 in Spellcasting
  8962 | D:7      | Reached skill level 1 in Air Magic
  9074 | D:7      | Reached skill level 2 in Air Magic
  9554 | D:8      | Reached skill level 3 in Air Magic
  9577 | D:8      | Noticed Demise's ghost (experienced HECj)
  9991 | D:8      | Reached skill level 3 in Spellcasting
 10009 | D:8      | Found a staircase to the Lair.
 10010 | D:8      | Noticed a spiny frog
 10011 | D:8      | Noticed a death yak
 10011 | D:8      | Noticed a death yak
 10011 | D:8      | Noticed a death yak
 10058 | D:7      | HP: 8/57 [death yak (26)]
 10524 | D:8      | Noticed Psyche
 10720 | D:8      | Killed a death yak
 10720 | D:8      | Reached skill level 5 in Air Magic
 10720 | D:8      | Reached XP level 9. HP: 33/62 MP: 0/18
 10905 | D:8      | HP: 15/62 [spiny frog (5)]
 10909 | D:8      | HP: 7/62 [poisoned by a spiny frog]
 11215 | D:8      | Noticed a troll
 11224 | D:8      | HP: 14/62 [troll (8)]
 11229 | D:8      | HP: 10/62 [poisoned by Demise's ghost]
 11235 | D:8      | HP: 8/62 [poisoned by Demise's ghost]
 11240 | D:8      | HP: 7/62 [poisoned by Demise's ghost]
 11248 | D:8      | HP: 7/62 [poisoned by Demise's ghost]
 11260 | D:8      | HP: 1/62 [troll (7)]
 11275 | D:8      | Slain by a troll

Vanquished Creatures
  A death yak (D:8)
  A hungry ghost (D:7)
  An orc warrior (D:6)
  2 black bears
  2 centaurs
  A necrophage (D:7)
  4 ogres
  3 giant frogs
  2 scorpions
  A crimson imp (D:8)
  A giant frog skeleton (D:5)
  2 orc priests
  3 orc wizards
  A jelly (D:7)
  2 hounds
  Natasha (thrice) (D:2)
  10 adders
  3 gnolls (D:6)
  2 shadow imps (D:7)
  2 adder skeletons
  An adder zombie (D:6)
  5 worms
  3 giant geckos (D:1)
  16 orcs
  2 giant cockroaches (D:2)
  6 goblins
  6 hobgoblins
  8 jackals
  9 kobolds
  3 quokkas
  2 ball pythons (D:3)
  6 bats
  A giant gecko skeleton (D:7)
  11 giant newts
  A quokka skeleton (D:8)
  12 rats
139 creatures vanquished.

Vanquished Creatures (others)
  An orc (D:5)
1 creature vanquished.

Grand Total: 140 creatures vanquished
